 Dungeon Crawl Stone Soup version 0.23-a0-643-g9ccc95a (webtiles) character file.

15425 nikopol the Cleaver (level 12, -7/106 HPs)
             Began as a Minotaur Berserker on Dec 30, 2018.
             Was an Elder of Trog.
             Mangled by a naga
             ... wielding a +0 trident
              (12 damage)
             ... on level 3 of the Lair of Beasts on Dec 31, 2018.
             The game lasted 00:29:48 (14602 turns).

nikopol the Cleaver (Minotaur Berserker)           Turns: 14602, Time: 00:29:48

Health: -7/106     AC: 13    Str: 27    XL:     12   Next: 1%
Magic:  0/3        EV: 10    Int:  4    God:    Trog [****..]
Gold:   713        SH:  0    Dex: 10    Spells: 11/11 levels left

rFire    + . .     SeeInvis .   a - +2 battleaxe (antimagic)
rCold    . . .     Gourm    .   (shield currently unavailable)
rNeg     + . .     Faith    .   n - +0 chain mail
rPois    .         Spirit   +   (helmet restricted)
rElec    .         Reflect  .   r - +1 cloak
rCorr    .         Harm     .   (no gloves)
MR       .....                  (no boots)
Stlth    ..........             o - amulet of guardian spirit
HPRegen  0.27/turn              s - ring of positive energy
MPRegen  0.08/turn              y - ring of protection from fire

@: lethally poisoned (-7 -> -9), about to teleport, berserk cooldown
A: retaliatory headbutt, horns 2
a: Berserk, Trog's Hand, Brothers in Arms, Renounce Religion


You were on level 3 of the Lair of Beasts.
You worshipped Trog.
Trog was greatly pleased with you.
You were near starving.

You visited 2 branches of the dungeon, and saw 12 of its levels.
You also visited: Sewer.

You collected 713 gold pieces.

Inventory:

Hand Weapons
 a - a +2 antimagic battleaxe (weapon)
 u - a +0 hand axe
 z - a +0 shortbow
 B - a +3 antimagic executioner's axe
 D - the +0 morningstar "Kengakuw" {pain, +Inv rC+ MR++ Str-5}
   (You found it on level 7 of the Dungeon)

   In the hands of one skilled in necromantic magic, it inflicts extra damage on
   living creatures.
   It affects your strength (-5).
   It protects you from cold.
   It affects your resistance to hostile enchantments.
   It lets you turn invisible.
 K - a +0 war axe
Missiles
 w - 112 arrows
Armour
 b - a +0 animal skin
 n - a +0 chain mail (worn)
 p - a +0 ring mail
 r - a +1 cloak (worn)
Jewellery
 o - an amulet of guardian spirit (around neck)
 s - a ring of positive energy (left hand)
 y - a ring of protection from fire (right hand)
 H - an uncursed amulet of faith
 M - a cursed ring of attention {unknown}
 R - a +5 ring of dexterity {unknown}
 T - an uncursed amulet of the gourmand {unknown}
 W - a +3 ring of slaying {unknown}
Wands
 x - a wand of flame (16)
 A - a wand of digging (1)
 E - a wand of scattershot (10)
 F - a wand of acid (12)
 J - a wand of random effects (30)
 O - a wand of clouds (5)
Scrolls
 g - 5 scrolls of identify
 h - 4 scrolls of teleportation
 q - 3 scrolls of enchant weapon {unknown}
 C - 3 scrolls of fear {unknown}
 G - 5 scrolls of remove curse
 I - a scroll of magic mapping {unknown}
 L - a scroll of vulnerability {unknown}
 N - 2 scrolls of blinking {unknown}
 Q - 3 scrolls of enchant armour
 S - a scroll of summoning {unknown}
Potions
 d - 10 potions of curing
 e - 3 potions of agility
 f - 7 potions of brilliance
 i - 4 potions of flight
 j - a potion of cancellation
 k - 3 potions of resistance
 l - a potion of might {unknown}
 m - 6 potions of heal wounds
 t - 2 potions of haste {unknown}
 v - a potion of ambrosia {unknown}
 P - a potion of degeneration {unknown}
 U - a potion of berserk rage {unknown}
Comestibles
 c - 20 rations


   Skills:
 + Level 10.0 Fighting
 * Level 14.5 Axes
 * Level 11.2 Bows
 + Level 8.0 Armour
 + Level 4.9 Dodging
 + Level 2.2 Stealth


You had 11 spell levels left.
You didn't know any spells.
Your spell library was empty.

Dungeon Overview and Level Annotations

Branches:
Dungeon (9/15)             Temple (0/1) D:5            Lair (3/6) D:9
  Swamp (0/4) Lair:2
  Snake: Lair:2-4    Spider: Lair:2-4       Orc: D:9-12

Altars:
Ashenzari
Cheibriados
Hepliaklqana
Qazlal
Uskayaw
Zin
The Shining One

Shops:
D:8 [

Annotations:
D:5 3 runed doors, Duffy's ghost, amateur DEFE


Innate Abilities, Weirdness & Mutations

You reflexively headbutt those who attack you in melee.
You have a pair of horns on your head.


Message History

The blink frog hits you!
* * * LOW HITPOINT WARNING * * *
The blink frog blinks!
The water moccasin bites you.
* * * LOW HITPOINT WARNING * * *
You are poisoned.
The water moccasin poisons you! The bullfrog misses you.
The water moccasin bites you but does no damage.
The blink frog blinks!
The bullfrog hits you but does no damage.
As you read the scroll of teleportation, it crumbles to dust.
You feel strangely unstable.
You feel yourself speed up.
You feel sick.
The water moccasin bites you but does no damage.
The bullfrog hits you but does no damage.
The blink frog blinks!
The water moccasin bites you.
* * * LOW HITPOINT WARNING * * *
The blink frog hits you but does no damage.
The naga hits you from afar with a +0 trident!
You die...

## #..##+.##.####....+
.+###.# ##...........##.....
..<.... #P..........#.......
....... ##..........#.......
....... ##............#.....
....... ##...........#..>....
..?....##.#.......F.....<....
.......†§.§..........P.#.....
.......#N§+S@........##......
#....#####NF§F......< ##..+.#
#### ##.#..#...# ###.##
###^#..§.. .. ..P.... ..
#....>. #.. .. ... ......


You could see 2 blink frogs, a water moccasin, a naga and a bullfrog.

Vanquished Creatures
  Harold (D:8)
  A hydra (Lair:2)
  Erica (D:8)
  Pikel (D:4)
  3 oklob plants (Lair:2)
  4 elephants (Lair:3)
  3 spiny frogs
  A komodo dragon (Lair:2)
  2 rime drakes
  Prince Ribbit (D:5)
  2 blink frogs (Lair:3)
  A bog body (Lair:2)
  3 hippogriffs
  Sigmund (D:2)
  A wyvern (D:6)
  A basilisk (Lair:2)
  A hungry ghost (D:7)
  4 water moccasins
  6 porcupines
  3 orc warriors
  3 ice beasts
  A slave (D:3)
  A sky beast (D:7)
  An eye of draining (D:9)
  3 phantoms
  A necrophage (D:6)
  6 ogres
  4 wolves (Lair:1)
  4 centaurs
  2 crocodiles
  A big kobold (D:8)
  10 bullfrogs
  A scorpion (D:8)
  9 killer bees
  5 howler monkeys
  3 crimson imps
  A bullfrog zombie (D:7)
  4 hounds
  Crazy Yiuf (D:2)
  7 orc priests
  9 orc wizards
  2 centaur skeletons
  An iguana (D:5)
  Ijyb (D:3)
  A killer bee zombie (D:6)
  11 worker ants
  A hound zombie (D:6)
  A hound skeleton (D:7)
  A worker ant zombie (D:5)
  Robin (D:4)
  6 gnolls
  19 adders
  8 river rats (Sewer)
  3 shadow imps
  2 oozes
  An adder skeleton (D:6)
  3 adder zombies
  3 worms
  2 dart slugs
  8 leopard geckos
  47 orcs
  A ball python (D:6)
  8 giant cockroaches
  16 goblins
  5 hobgoblins
  8 jackals
  29 kobolds
  A quokka (D:7)
  3 bats
  6 frilled lizards
  2 goblin skeletons (D:9)
  A goblin zombie (D:9)
  2 hobgoblin zombies (D:9)
  A kobold skeleton (D:9)
  A kobold zombie (D:9)
  A leopard gecko skeleton (D:4)
  A leopard gecko zombie (D:6)
  2 orc skeletons (D:9)
  2 orc zombies (D:9)
  A quokka skeleton (D:6)
  26 rats
  A fungus (D:5)
  3 plants (Lair:2)
361 creatures vanquished.

Vanquished Creatures (collateral kills)
  An elephant (Lair:3)
  A blink frog (Lair:3)
  A porcupine (Lair:3)
3 creatures vanquished.

Grand Total: 364 creatures vanquished

Notes
Turn   | Place    | Note
-------+----------+-------------------------------------------
     0 | D:1      | nikopol the Minotaur Berserker began the quest for the Orb.
     0 | D:1      | Reached XP level 1. HP: 19/19 MP: 0/0
   331 | D:1      | Reached XP level 2. HP: 27/27 MP: 1/1
   477 | D:1      | Reached skill level 4 in Axes
   846 | D:2      | Reached XP level 3. HP: 29/33 MP: 2/2
   908 | D:2      | Found a stormy altar of Qazlal.
   920 | D:2      | Reached ** piety under Trog
  1027 | D:2      | Reached XP level 4. HP: 10/41 MP: 3/3
  1029 | D:2      | HP: 1/41 [gnoll/+0 spear (6)]
  1333 | D:2      | Noticed Sigmund
  1333 | D:2      | You fall through a shaft for 2 floors!
  1352 | D:4      | Reached skill level 5 in Axes
  1467 | D:4      | Reached XP level 5. HP: 36/47 MP: 4/4
  1632 | D:4      | Noticed a slave
  1632 | D:4      | Noticed a slave
  1633 | D:4      | Noticed Pikel
  1681 | D:3      | Killed a slave
  2358 | D:4      | Reached skill level 6 in Axes
  2438 | D:4      | Reached skill level 5 in Fighting
  2515 | D:4      | Reached XP level 6. HP: 46/56 MP: 5/5
  2920 | D:4      | Noticed a slave
  2922 | D:4      | Noticed a slave
  2927 | D:4      | Killed Pikel
  2927 | D:4      | Reached skill level 7 in Axes
  2927 | D:4      | Reached skill level 1 in Stealth
  2927 | D:4      | Reached XP level 7. HP: 62/62 MP: 6/6
  3005 | D:2      | Found a runed door.
  3009 | D:2      | Noticed Crazy Yiuf
  3013 | D:2      | Killed Crazy Yiuf
  3013 | D:2      | Reached skill level 8 in Axes
  3097 | D:2      | Killed Sigmund
  3283 | D:3      | Found a snail-covered altar of Cheibriados.
  3284 | D:3      | Found a hide-covered altar of Uskayaw.
  3284 | D:3      | Found a shattered altar of Ashenzari.
  3290 | D:3      | Found a glowing silver altar of Zin.
  3464 | D:3      | Reached *** piety under Trog
  3494 | D:3      | Noticed Ijyb
  3505 | D:3      | Killed Ijyb
  3505 | D:3      | Reached XP level 8. HP: 62/70 MP: 5/7
  3618 | D:4      | Noticed Robin
  3622 | D:4      | Killed Robin
  3913 | D:4      | You fall through a shaft for 2 floors!
  3916 | D:6      | Reached skill level 9 in Axes
  4030 | D:6      | Found a hazy altar of Hepliaklqana.
  4086 | D:6      | Reached skill level 10 in Axes
  4086 | D:6      | Reached skill level 5 in Armour
  4178 | D:6      | Found a glowing drain.
  4187 | Sewer    | Entered a sewer
  4347 | Sewer    | Reached **** piety under Trog
  4928 | D:6      | Reached XP level 9. HP: 73/78 MP: 8/8
  4956 | D:5      | Entered Level 5 of the Dungeon
  4967 | D:5      | Reached skill level 11 in Axes
  4986 | D:5      | Found a hazy altar of Hepliaklqana.
  5085 | D:5      | Reached ***** piety under Trog
  5188 | D:5      | Found a staircase to the Ecumenical Temple.
  5276 | D:4      | Received a gift from Trog
  5451 | D:4      | Reached skill level 1 in Bows
  5783 | D:5      | Found a runed gate.
  5905 | D:5      | Noticed Prince Ribbit
  5917 | D:5      | Killed Prince Ribbit
  5942 | D:5      | Found a runed gate.
  5942 | D:5      | Found a runed gate.
  5943 | D:5      | Noticed Duffy's ghost (amateur DEFE)
  6566 | D:7      | Got a twisted morningstar
  6567 | D:7      | Identified the +0 morningstar "Kengakuw" {pain, +Inv rC+
                  | MR++ Str-5} (You found it on level 7 of the Dungeon)
  6654 | D:7      | Reached skill level 5 in Bows
  7070 | D:7      | Reached XP level 10. HP: 35/87 MP: 5/9
  7453 | D:7      | Reached skill level 12 in Axes
  7642 | D:8      | Noticed Erica
  7667 | D:8      | Killed Erica
  7690 | D:8      | Noticed Harold
  7714 | D:8      | Killed Harold
  8005 | D:8      | Found Ecricukh's Armour Shop.
  8156 | D:8      | Received a gift from Trog
  8201 | D:8      | Found a stormy altar of Qazlal.
  8264 | D:8      | Reached skill level 13 in Axes
  9093 | D:9      | Found a glowing golden altar of the Shining One.
  9458 | D:9      | Found a staircase to the Lair.
  9619 | D:9      | Reached XP level 11. HP: 96/96 MP: 10/10
  9696 | Lair:1   | Entered Level 1 of the Lair of Beasts
 10979 | Lair:2   | Noticed a seven-headed hydra
 10984 | Lair:2   | Killed a seven-headed hydra
 10984 | Lair:2   | Reached skill level 14 in Axes
 11028 | Lair:2   | Upgraded the game from 0.23-a0-642-g3120c2f to
                  | 0.23-a0-643-g9ccc95a
 11162 | Lair:2   | Found a staircase to the Swamp.
 11284 | Lair:2   | Reached skill level 10 in Bows
 11535 | Lair:2   | Noticed an oklob plant
 11971 | Lair:2   | Killed an oklob plant
 12051 | Lair:2   | Noticed an oklob plant
 12051 | Lair:2   | Noticed an oklob plant
 14279 | Lair:2   | Killed an oklob plant
 14335 | Lair:2   | Killed an oklob plant
 14584 | Lair:3   | Reached skill level 10 in Fighting
 14593 | Lair:3   | Reached XP level 12. HP: 14/105 MP: 0/11
 14602 | Lair:3   | HP: 5/106 [water moccasin (1)]
 14602 | Lair:3   | Mangled by a naga

Vault maps used:
D:1:      minmay_arrival_stone_box
D:2:      overflow_temple_1_default, uniq_sigmund, uniq_crazy_yiuf_cottage
D:3:      wad_lake_hut, chequers_temple_overflow_statue_of_worship,
          chequers_serial_rivers_micro_b, uniq_ijyb
D:4:      grunt_ministairs_6, uniq_pikel, uniq_robin
D:5:      minmay_temple_entry_drinking_statues, first_ration, serial_park,
          serial_park_tiny_2, serial_park_square3, basic_altar,
          gammafunk_ghost_necromancy, uniq_prince_ribbit1
D:6:      kennysheep_little_box, cheibrodos_sewer_entry_drain, minivault_24
D:8:      serial_shops, shop_coins, nicolae_qazlal_general_emergency,
          uniq_erica, uniq_harold
D:9:      nicolae_tso_besieged_by_evil, lair_entry_dummy
Lair:2:   dpeg_oklob_gauntlet, skrybe_swamp_entry_bodies, st_stairs_3
Lair:3:   minmay_snake_entry_guardpost_small, beast_lair_carwin_8
Sewer:    sewer_minmay_treatment

Skill      XL: |  1  2  3  4  5  6  7  8  9 10 11 |
---------------+----------------------------------+-----
Fighting       | 4 5 6 7 8 9 10 | 10.0
Axes           | 4 5 6 7 8 10 11 13 14 | 14.5
Dodging        | 3 4 |  4.9
Armour         | 3 5 6 8 |  8.0
Stealth        | 1 2 |  2.2
Bows           | 5 8 11 | 11.2

Action                   |  1- 3 |  4- 6 |  7- 9 | 10-12 || total
-------------------------+-------+-------+-------+-------++-------
Melee: Hand axe          |    76 |    91 |    40 |       ||   207
       Headbutt          |    11 |    12 |    44 |    44 ||   111
       War axe           |       |       |   276 |    78 ||   354
       Battleaxe         |       |       |       |   188 ||   188
       Morningstar       |       |       |       |     3 ||     3
 Fire: Shortbow          |       |       |    98 |   357 ||   455
Invok: Berserk           |     1 |     2 |     4 |     5 ||    12
       Trog's Hand       |       |       |       |     1 ||     1
       Brothers in Arms  |       |       |       |     1 ||     1
Evoke: Wand              |       |       |       |     3 ||     3
  Use: Scroll            |       |       |     7 |     7 ||    14
       Potion            |       |       |       |     1 ||     1
  Eat: Chunk             |       |     8 |    14 |    12 ||    34
       Ration            |       |       |     2 |     4 ||     6
Armor: Animal skin       |     8 |     9 |       |       ||    17
       Chain mail        |       |     3 |   158 |   154 ||   315
Dodge: Dodged            |    59 |    63 |   166 |   127 ||   415

Table legend:
 A = Non-vault XP
 B = Vault XP
 C = Vault XP percentage of total XP
 D = Non-vault monster count
 E = Vault monster count
 F = Vault count percentage of total count
                 A         B        C        D         E       F
            +---------+---------+-------+---------+---------+-------
      Total |   16466 |    5570 |  25.3 |     274 |      85 |  23.7
            +---------+---------+-------+---------+---------+-------
        D:1 |      33 |       0 |   0.0 |      20 |       0 |   0.0
        D:2 |      99 |     267 |  73.0 |      18 |       2 |  10.0
        D:3 |     187 |      35 |  15.8 |      32 |       1 |   3.0
        D:4 |     319 |     749 |  70.1 |      22 |      10 |  31.2
        D:5 |     500 |     449 |  47.3 |      21 |       3 |  12.5
        D:6 |    1056 |       9 |   0.8 |      20 |       3 |  13.0
        D:7 |    1958 |       0 |   0.0 |      34 |       0 |   0.0
        D:8 |    2070 |    1877 |  47.6 |      47 |       2 |   4.1
        D:9 |    1102 |      57 |   4.9 |      25 |      12 |  32.4
     Lair:1 |    2713 |       0 |   0.0 |      15 |       0 |   0.0
     Lair:2 |    3066 |    1891 |  38.1 |      10 |       4 |  28.6
     Lair:3 |    3363 |       0 |   0.0 |      10 |       0 |   0.0
      Sewer |       0 |     236 | 100.0 |       0 |      48 | 100.0
            +---------+---------+-------+---------+---------+-------
